 Dungeon Crawl Stone Soup version 0.29-a0-330-g52719c12eb (webtiles) character file.

Game seed: 1949319296394618396

230 Aelig the Cudgeller (level 5, -2/41 HPs)
             Began as a Mummy Fighter on May 15, 2022.
             Killed from afar by an orc wizard (18 damage)
             ... with a puff of flame
             ... on level 4 of the Dungeon.
             The game lasted 00:05:08 (3384 turns).

Aelig the Cudgeller (Mummy Fighter)                 Turns: 3384, Time: 00:05:08

Health: -2/41      AC:  6    Str: 21    XL:     5   Next: 72%
Magic:  5/5        EV:  9    Int:  7    God:
Gold:   207        SH:  0    Dex: 12    Spells: 4/4 levels left

rFire   x . .      SeeInvis .   a - +0 flail
rCold   + . .      Faith    .   c - +0 buckler
rNeg    + + +      Spirit   .   b - +0 scale mail
rPois   ∞          Reflect  .   (no helmet)
rElec   .          Harm     .   (no cloak)
rCorr   .          Rampage  .   (no gloves)
Will    .....                   (no boots)
Stlth   ..........              (no amulet)
HPRegen 0.13/turn               (no ring)
MPRegen 0.09/turn               (no ring)

@: confused
A: cold resistance 1, negative energy resistance 3, torment resistance 2, heat
vulnerability 1, in touch with death 1, no potions
a: no special abilities


You were on level 4 of the Dungeon.
You visited 1 branch of the dungeon, and saw 4 of its levels.

You collected 207 gold pieces.

Inventory:

Hand Weapons
 a - a +0 flail (weapon)
Missiles
 e - a throwing net
 g - 167 stones (quivered)
Armour
 b - a +0 scale mail (worn)
 c - a +0 buckler (worn)
Wands
 l - a wand of flame (11)
 o - a wand of polymorph (10)
Scrolls
 d - a scroll of teleportation
 f - 2 scrolls of identify
 h - 2 scrolls of immolation
 i - a scroll of fear {unknown}
 j - a scroll of enchant armour {unknown}
 k - 2 scrolls of enchant weapon {unknown}
 m - a scroll of magic mapping {unknown}
 n - a scroll of holy word {unknown}
 p - a scroll of brand weapon {unknown}


   Skills:
 - Level 3.0 Fighting
 + Level 5.0 Maces & Flails
 - Level 2.4 Armour
 - Level 2.4 Shields


You had 4 spell levels left.
You didn't know any spells.
Your spell library contained the following spells:

 Spells                   Type           Power      Damage    Failure   Level
 Shock                    Conj/Air       0%         1d3       86%         1
 Ignite Poison            Fire/Tmut/Pois 0%         N/A       99%         3
 Mephitic Cloud           Conj/Pois/Air  0%         N/A       99%         3
 Swiftness                Air            0%         N/A       99%         3
 Airstrike                Air            0%         N/A       100%        4
 Freezing Cloud           Conj/Ice/Air   0%         6-21      100%        5


Dungeon Overview and Level Annotations

Branches:
Dungeon (4/15)
 Temple: D:4-7

Altars:
Nemelex Xobeh
Wu Jian


Innate Abilities, Weirdness & Mutations

You are immune to poison.
Your flesh is cold resistant. (rC+)
You are immune to negative energy. (rN+++)
You are immune to unholy pain and torment.
You are vulnerable to heat. (rF-)
You are in touch with the powers of death.
You do not drink.


Message History

You closely miss the hound.
The hound is moderately wounded.
The hound bites you but does no damage. You block the hound's attack.
You hit the hound.
The hound is heavily wounded.
The hound barely misses you. The hound bites you.
You hit the hound.
The hound is severely wounded.
The hound bites you.
The hound pauses to sniff the ground.
You block the hound's attack.
You closely miss the hound.
The hound is severely wounded.
The hound bites you but does no damage. The hound bites you.
You hit the hound but do no damage.
The hound is severely wounded.
The hound bites you but does no damage. The hound completely misses you.
You sock the hound!
You kill the hound!
Your Maces & Flails skill increases to level 5!
You sock something! Something hits you but does no damage.
You closely miss something. Something hits you but does no damage.
You closely miss something. Something hits you but does no damage.
You miss something. Something hits you but does no damage.
You miss something. Something hits you but does no damage.
You barely miss something.
You hear some strange, mumbled words.
A magic dart appears from out of thin air!
The magic dart hits you.
You closely miss something. Something hits you. x2
You hit something but do no damage. Something hits you.
You barely miss something.
You hear some strange, mumbled words.
You are confused.
You're too confused to move!
Something hits you.
You bump into the rock wall.
You hear some strange, mumbled words.
A puff of flame appears from out of thin air!
The puff of flame hits you!! The fire burns you terribly!
You die...

#####################
................@{oo#
###################†##
# .....o{...# #
#####o##.## ## # #.#
.#####.# #.# .......#
#.# .####### ..# .#
###


You could see 2 orcs.

Vanquished Creatures
  A hound (D:4)
  Jessica (D:3)
  Ijyb (D:3)
  Terence (D:3)
  5 adders
  2 dart slugs
  8 orcs
  3 ball pythons
  6 endoplasms
  4 giant cockroaches
  7 goblins
  3 hobgoblins
  4 kobolds
  2 quokkas
  9 bats
  2 frilled lizards
  3 rats
62 creatures vanquished.

Notes
Turn   | Place    | Note
-------+----------+-------------------------------------------
     0 | D:1      | Aelig the Mummy Fighter began the quest for the Orb.
     0 | D:1      | Reached XP level 1. HP: 18/18 MP: 1/1
   252 | D:1      | Reached skill level 2 in Maces & Flails
   338 | D:1      | Reached XP level 2. HP: 23/24 MP: 2/2
   841 | D:2      | Gained mutation: You are in touch with the powers of death.
                  | [Mummy growth]
   841 | D:2      | Reached XP level 3. HP: 25/29 MP: 3/3
   845 | D:2      | Reached skill level 3 in Maces & Flails
  1895 | D:3      | Reached XP level 4. HP: 35/35 MP: 4/4
  1914 | D:3      | Noticed Terence
  1925 | D:3      | Killed Terence
  2116 | D:3      | Found an ornate altar of the Wu Jian Council.
  2185 | D:3      | Noticed Jessica
  2191 | D:3      | Killed Jessica
  2192 | D:3      | Reached skill level 4 in Maces & Flails
  2228 | D:3      | Reached XP level 5. HP: 34/41 MP: 5/5
  2309 | D:3      | Noticed Ijyb
  2314 | D:3      | Found a faded altar of an unknown god.
  2328 | D:3      | Killed Ijyb
  3146 | D:4      | Found a sparkling altar of Nemelex Xobeh.
  3372 | D:4      | Reached skill level 5 in Maces & Flails
  3384 | D:4      | Killed from afar by an orc wizard

Illustrated notes

Levels and vault maps discovered:
D:1:      minmay_arrival_stone_box, layout_loops_ring
D:2:      layout_basic, due_unseen_surprise
D:3:      layout_loops_ring, nzn_wu_jian_contemplation,
          chequers_ecumenical_altar_simple_redux, uniq_jessica, uniq_ijyb,
          uniq_terence
D:4:      layout_basic, kennysheep_mini_moat, portal_sewer_entry_d

Skill      XL: |  1  2  3  4  5 |
---------------+----------------+-----
Maces & Flails | 2 3 4 5 |  5.0
Fighting       | |  3.0
Armour         | |  2.4
Shields        | |  2.4

Action                   |  1- 3 |  4- 6 || total
-------------------------+-------+-------++-------
Melee: Flail             |   108 |   120 ||   228
Throw: Stone             |       |     1 ||     1
       Throwing net      |       |     1 ||     1
  Use: Scroll            |       |     3 ||     3
Armor: Scale mail        |    44 |    62 ||   106
Dodge: Dodged            |    51 |    64 ||   115
Block: Buckler           |    21 |    26 ||    47

Table legend: (Time is in decaauts)
 A = Elapsed time spent in this place.
 B = Non-inter-level travel time spent in this place.
 C = Inter-level travel time spent in this place.
 D = Time resting spent in this place.
 E = Time spent auto-exploring this place.
 F = Levels seen in this place.
 G = Mean time per level.
                   A        B        C        D        E       F      G
               +--------+--------+--------+--------+--------+-----+--------+
         Total |   3444 |   3259 |    185 |    731 |   1808 |   4 |  861.0 |
       Dungeon |   3444 |   3259 |    185 |    731 |   1808 |   4 |  861.0 |
               +--------+--------+--------+--------+--------+-----+--------+

Top non-repeatable levels by time:
     D:3: 1445 daAuts
     D:2: 882 daAuts
     D:1: 837 daAuts
     D:4: 279 daAuts
